PAAA
ROYSE CITY TARGARYENS @ FLORIDA MEN
08/17/2022
 
TOP OF THE 1ST
Royse City Targaryens batting - Pitching for Florida Men : LHP Jim Unknown
Pitching: LHP Jim Unknown
Batting: RHB Héctor Ruíz 0-0: Ball
1-0: Ball
2-0: Called Strike
2-1: Ball
3-1: Base on Balls
Batting: RHB Dave Thompson 0-0: Ball
1-0: Ball
2-0: Ball
3-0: Called Strike
3-1: Foul Ball, location: 2F
3-2: Ground out 5-3 (Groundball, 56)
Héctor Ruíz to second
Batting: LHB Eduardo Álvarez 0-0: Ball
1-0: Ball
2-0: Called Strike
2-1: Ball
3-1: Ground out 4-3 (Groundball, 4)
Héctor Ruíz to third
Batting: RHB Carl Good 0-0: Fly out, F8 (Flyball, 8LS)
Top of the 1st over - 0 run(s), 0 hit(s), 0 error(s), 1 left on base; Royse City 0 - Florida 0
BOTTOM OF THE 1ST
Florida Men batting - Pitching for Royse City Targaryens : RHP Hirokichi Kichida
Pitching: RHP Hirokichi Kichida
Batting: RHB Albert Morales 0-0: Ball
1-0: Ball
2-0: Ground out 1-3 (Groundball, 23)
Batting: LHB Bastyão Lizardo 0-0: Called Strike
0-1: Called Strike
0-2: Ball
1-2: Ball
2-2: Ground out 1-3 (Groundball, 15)
Batting: LHB Jim Unknown 0-0: Called Strike
0-1: Swinging Strike
0-2: Ball
1-2: Strikes out looking
Bottom of the 1st over - 0 run(s), 0 hit(s), 0 error(s), 0 left on base; Royse City 0 - Florida 0
TOP OF THE 2ND
Royse City Targaryens batting - Pitching for Florida Men : LHP Jim Unknown
Batting: RHB Ray Porch 0-0: Foul Ball, location: 2F
0-1: Ball
1-1: Foul Ball, location: 2F
1-2: Foul Ball, location: 2F
1-2: Ball
2-2: Ball
3-2: Ground out 4-3 (Groundball, 4M)
Batting: RHB Tristan Kuhn 0-0: Ball
1-0: Foul Ball, location: 2F
1-1: Ball
2-1: Foul Ball, location: 2F
2-2: Strikes out swinging
Batting: RHB Bartolo Martínez 0-0: Ball
1-0: Called Strike
1-1: Ball
2-1: Ground out 4-3 (Groundball, 4)
Top of the 2nd over - 0 run(s), 0 hit(s), 0 error(s), 0 left on base; Royse City 0 - Florida 0
BOTTOM OF THE 2ND
Florida Men batting - Pitching for Royse City Targaryens : RHP Hirokichi Kichida
Batting: RHB Carlos Rodríguez 0-0: Foul Ball, location: 2F
0-1: Ball
1-1: Called Strike
1-2: Ground out 5-3 (Groundball, 5)
Batting: RHB Won-min Yi 0-0: Swinging Strike
0-1: Ground out 1-3 (Groundball, 13S)
Batting: RHB Frank Collins 0-0: Ball
1-0: Foul Ball, location: 2F
1-1: Ball
2-1: Fly out, F4 (Popup, 3DF)
Bottom of the 2nd over - 0 run(s), 0 hit(s), 0 error(s), 0 left on base; Royse City 0 - Florida 0
TOP OF THE 3RD
Royse City Targaryens batting - Pitching for Florida Men : LHP Jim Unknown
Batting: RHB Sancho Balderas 0-0: Ball
1-0: Swinging Strike
1-1: Swinging Strike
1-2: SOLO HOME RUN (Line Drive, 7D), Distance : 382 ft
Batting: LHB Paul Wilson 0-0: Foul Ball, location: 2F
0-1: Ground out 6-3 (Groundball, 6M)
Batting: RHB Héctor Ruíz 0-0: Fly out, F9 (Flyball, 9M)
Batting: RHB Dave Thompson 0-0: Ground out 5-3 (Groundball, 5S)
Top of the 3rd over - 1 run(s), 1 hit(s), 0 error(s), 0 left on base; Royse City 1 - Florida 0
BOTTOM OF THE 3RD
Florida Men batting - Pitching for Royse City Targaryens : RHP Hirokichi Kichida
Batting: LHB Mito Rin 0-0: Called Strike
0-1: Ball
1-1: SINGLE (Groundball, 34D)
Batting: SHB Jim Unknown 0-0: Fly out, F5 (Popup, 5F)
Batting: RHB Seon-keun Kim 0-0: Ball
1-0: Foul Ball, location: 2F
1-1: Foul Ball, location: 2F
1-2: Foul Ball, location: 2F
1-2: Ball
2-2: Fly out, F7 (Flyball, 78M)
Batting: RHB Albert Morales 0-0: Ball
1-0: Ball
2-0: Called Strike
2-1: Foul Ball, location: 2F
2-2: SINGLE (Line Drive, 6D)
Mito Rin to second
Batting: LHB Bastyão Lizardo 0-0: Foul Ball, location: 2F
0-1: Called Strike
0-2: Fly out, F7 (Flyball, 7S)
Bottom of the 3rd over - 0 run(s), 2 hit(s), 0 error(s), 2 left on base; Royse City 1 - Florida 0
TOP OF THE 4TH
Royse City Targaryens batting - Pitching for Florida Men : LHP Jim Unknown
Batting: LHB Eduardo Álvarez 0-0: Ball
1-0: Called Strike
1-1: Ball
2-1: Ball
3-1: Base on Balls
Batting: RHB Carl Good 0-0: Called Strike
0-1: SINGLE (Groundball, 6MD)
Eduardo Álvarez to second
Runner from 2nd tries for 3rd, SAFE, throw made to third
Batting: RHB Ray Porch 0-0: Ball
1-0: Called Strike
1-1: SINGLE (Groundball, 4D)
Eduardo Álvarez scores
Carl Good to second
Runner from 2nd tries for 3rd, SAFE, throw made to third
Batting: RHB Tristan Kuhn 0-0: Ball
1-0: Swinging Strike
1-1: Ball
2-1: Foul Ball, location: 2F
2-2: Fly out, F7 (Flyball, 7M)
Runner from 3rd tags up, OUT at HOME
Ray Porch to second
Batting: RHB Bartolo Martínez 0-0: Ball
1-0: Reaches on Catchers interference
Batting: RHB Sancho Balderas 0-0: Ball
1-0: Foul Ball, location: 2F
1-1: Foul Ball, location: 2F
1-2: SINGLE (Popup, 34D)
Ray Porch to third
Bartolo Martínez to second
Runner from 3rd tries for Home, SAFE, throw made home
Bartolo Martínez to third
Sancho Balderas to second
Batting: LHB Paul Wilson 0-0: Called Strike
0-1: Fly out, F7 (Flyball, 7M)
Top of the 4th over - 2 run(s), 3 hit(s), 1 error(s), 2 left on base; Royse City 3 - Florida 0
BOTTOM OF THE 4TH
Florida Men batting - Pitching for Royse City Targaryens : RHP Hirokichi Kichida
Batting: LHB Jim Unknown 0-0: Ball
1-0: Ball
2-0: Called Strike
2-1: Foul Ball, location: 2F
2-2: Ball
3-2: Base on Balls
Batting: RHB Carlos Rodríguez 0-0: Called Strike
0-1: Foul Ball, location: 2F
0-2: Ball
1-2: Ball
2-2: Fly out, F7 (Flyball, 7S)
Batting: RHB Won-min Yi 0-0: Ball
1-0: Ball
2-0: Ball
3-0: Called Strike
3-1: Swinging Strike
3-2: Foul Ball, location: 2F
3-2: Base on Balls
Jim Unknown to second
Batting: RHB Frank Collins 0-0: Ball
1-0: Called Strike
Jim Unknown steals 3rd base
Won-min Yi to second
1-1: Called Strike
1-2: Strikes out swinging
Batting: LHB Mito Rin 0-0: Called Strike
0-1: Ball
1-1: Ball
2-1: Ball
3-1: Ground out 4-3 (Groundball, 34)
Bottom of the 4th over - 0 run(s), 0 hit(s), 0 error(s), 2 left on base; Royse City 3 - Florida 0
TOP OF THE 5TH
Royse City Targaryens batting - Pitching for Florida Men : LHP Jim Unknown
Batting: RHB Héctor Ruíz 0-0: Fly out, F8 (Line Drive, 8LM)
Batting: RHB Dave Thompson 0-0: Ball
1-0: Ball
2-0: Ball
3-0: Base on Balls
Batting: LHB Eduardo Álvarez 0-0: Ball
1-0: SINGLE (Flyball, 78S)
Dave Thompson to second
Batting: RHB Carl Good 0-0: SINGLE (Groundball, 6M) (infield hit)
Dave Thompson to third
Eduardo Álvarez to second
Batting: RHB Ray Porch 0-0: Called Strike
0-1: Ball
1-1: Ground out 3-1 (Groundball, 4)
Dave Thompson scores
Eduardo Álvarez to third
Carl Good to second
Batting: RHB Tristan Kuhn 0-0: Swinging Strike
0-1: Called Strike
0-2: SINGLE (Flyball, 9S)
Eduardo Álvarez scores
Carl Good to third
Runner from 3rd tries for Home, SAFE, no throw or cutoff
Pitching: RHP Alberto Ríos
Batting: RHB Bartolo Martínez 0-0: Ground out 5-3 (Groundball, 5)
Top of the 5th over - 3 run(s), 3 hit(s), 0 error(s), 1 left on base; Royse City 6 - Florida 0
BOTTOM OF THE 5TH
Florida Men batting - Pitching for Royse City Targaryens : RHP Hirokichi Kichida
Batting: SHB Jim Unknown 0-0: Ball
1-0: Called Strike
1-1: Ball
2-1: Foul Ball, location: 2F
2-2: Foul Ball, location: 2F
2-2: SINGLE (Line Drive, 34)
Batting: RHB Seon-keun Kim 0-0: Ball
1-0: Grounds into double play, 6-4-3 (Groundball, 6)
Batting: RHB Albert Morales 0-0: SINGLE (Flyball, 8LS)
Batting: LHB Bastyão Lizardo 0-0: Ball
1-0: Ground out 5-3 (Groundball, 56S)
Bottom of the 5th over - 0 run(s), 2 hit(s), 0 error(s), 1 left on base; Royse City 6 - Florida 0
TOP OF THE 6TH
Royse City Targaryens batting - Pitching for Florida Men : RHP Alberto Ríos
Batting: RHB Sancho Balderas 0-0: Foul Ball, location: 2F
0-1: Called Strike
0-2: Ball
1-2: Ball
2-2: Ball
3-2: Strikes out swinging
Batting: LHB Paul Wilson 0-0: Ball
1-0: Ball
2-0: SINGLE (Line Drive, 7LS)
Batting: RHB Héctor Ruíz 0-0: Foul Ball, location: 2F
0-1: Fly out, F9 (Flyball, 9S)
Batting: RHB Dave Thompson 0-0: Ball
1-0: Called Strike
Paul Wilson is caught stealing 2nd base
Top of the 6th over - 0 run(s), 1 hit(s), 0 error(s), 0 left on base; Royse City 6 - Florida 0
BOTTOM OF THE 6TH
Florida Men batting - Pitching for Royse City Targaryens : RHP Hirokichi Kichida
Batting: LHB Jim Unknown 0-0: Ball
1-0: Foul Ball, location: 2F
1-1: SINGLE (Groundball, 6MD) (infield hit)
Batting: RHB Carlos Rodríguez 0-0: Swinging Strike
0-1: Hit by Pitch
Jim Unknown to second
Batting: RHB Won-min Yi 0-0: Called Strike
0-1: Swinging Strike
0-2: Ball
1-2: Foul Ball, location: 2F
1-2: Fly out, F2 (Popup, 2R)
Batting: RHB Frank Collins 0-0: Called Strike
0-1: Ball
1-1: Ball
2-1: Foul Ball, location: 2F
2-2: SINGLE (Popup, 4D)
Jim Unknown to third
Carlos Rodríguez to second
Pitching: RHP Tom Rosas
Batting: LHB Mito Rin 0-0: Ball
1-0: Fly out, F7 (Flyball, 78M)
Runner from 3rd tags up, SCORES, throw made
Batting: SHB Jim Unknown 0-0: Swinging Strike
0-1: Foul Ball, location: 2F
0-2: SINGLE (Groundball, 34D)
Carlos Rodríguez to third
Frank Collins to second
Runner from 3rd tries for Home, SAFE, no throw or cutoff
Batting: RHB Seon-keun Kim 0-0: Swinging Strike
0-1: Ball
1-1: Foul Ball, location: 2F
1-2: Strikes out swinging
Bottom of the 6th over - 2 run(s), 3 hit(s), 0 error(s), 2 left on base; Royse City 6 - Florida 2
TOP OF THE 7TH
Royse City Targaryens batting - Pitching for Florida Men : RHP Alberto Ríos
Batting: RHB Dave Thompson 0-0: Ball
1-0: Ball
2-0: Called Strike
2-1: Reached on error, E4 (Groundball, 34)
Batting: LHB Eduardo Álvarez 0-0: Ball
1-0: Ball
2-0: Foul Ball, location: 2F
2-1: Ground out 4-3 (Groundball, 4)
Dave Thompson to third
Batting: RHB Carl Good 0-0: Ball
1-0: SINGLE (Line Drive, 6D)
Dave Thompson scores
Batting: RHB Ray Porch 0-0: Ball
1-0: Called Strike
1-1: Grounds into double play, 2-6-3 (Groundball, 2L)
Top of the 7th over - 1 run(s), 1 hit(s), 1 error(s), 0 left on base; Royse City 7 - Florida 2
BOTTOM OF THE 7TH
Florida Men batting - Pitching for Royse City Targaryens : RHP Tom Rosas
Batting: RHB Albert Morales 0-0: Foul Ball, location: 2F
0-1: Swinging Strike
0-2: Strikes out looking
Batting: LHB Bastyão Lizardo 0-0: Ball
1-0: Called Strike
1-1: Called Strike
1-2: Strikes out swinging
Batting: LHB Jim Unknown 0-0: Ball
1-0: Foul Ball, location: 2F
1-1: Ball
2-1: Swinging Strike
2-2: Ball
3-2: Strikes out looking
Bottom of the 7th over - 0 run(s), 0 hit(s), 0 error(s), 0 left on base; Royse City 7 - Florida 2
TOP OF THE 8TH
Royse City Targaryens batting - Pitching for Florida Men : RHP Alberto Ríos
Batting: RHB Tristan Kuhn 0-0: SINGLE (Line Drive, 4D)
Batting: RHB Bartolo Martínez 0-0: Fly out, F4 (Popup, 34D)
Batting: RHB Sancho Balderas 0-0: SINGLE (Line Drive, 8RS)
Tristan Kuhn to second
Batting: LHB Paul Wilson 0-0: Swinging Strike
0-1: Ball
1-1: Foul Ball, location: 2F
1-2: Foul Ball, location: 2F
1-2: Fly out, F7 (Flyball, 7LM)
Batting: RHB Héctor Ruíz 0-0: Ground out 1-3 (Groundball, 15S)
Top of the 8th over - 0 run(s), 2 hit(s), 0 error(s), 2 left on base; Royse City 7 - Florida 2
BOTTOM OF THE 8TH
Florida Men batting - Pitching for Royse City Targaryens : RHP Tom Rosas
Batting: RHB Carlos Rodríguez 0-0: SINGLE (Groundball, 56)
Batting: RHB Won-min Yi 0-0: Foul Ball, location: 2F
0-1: Ball
1-1: Ground out 5-3 (Groundball, 56S)
Carlos Rodríguez to second
Batting: RHB Frank Collins 0-0: Ball
1-0: SINGLE (Groundball, 6)
Carlos Rodríguez to third
Runner from 3rd tries for Home, SAFE, throw made home
Frank Collins to second
Batting: LHB Mito Rin 0-0: Ball
1-0: Ball
2-0: Called Strike
2-1: Ball
3-1: Called Strike
3-2: Base on Balls
Pitching: RHP John Watson
Batting: SHB Jim Unknown 0-0: Grounds into double play, 4-6-3 (Groundball, 4)
Bottom of the 8th over - 1 run(s), 2 hit(s), 0 error(s), 1 left on base; Royse City 7 - Florida 3
TOP OF THE 9TH
Royse City Targaryens batting - Pitching for Florida Men : RHP Alberto Ríos
Pitching: RHP Jim Unknown
Batting: RHB Dave Thompson 0-0: Ball
1-0: Ball
2-0: Called Strike
2-1: Ball
3-1: Called Strike
3-2: Base on Balls
Batting: LHB Eduardo Álvarez 0-0: Ball
1-0: Foul Ball, location: 2F
1-1: Called Strike
1-2: Foul Ball, location: 2F
1-2: Fly out, F9 (Flyball, 9M)
Batting: RHB Carl Good 0-0: Called Strike
0-1: SINGLE (Flyball, 9LS)
Dave Thompson to second
Runner from 2nd tries for 3rd, SAFE, no throw or cutoff
Batting: RHB Ray Porch 0-0: Called Strike
0-1: Ball
1-1: Called Strike
1-2: Foul Ball, location: 2F
1-2: Ball
2-2: Strikes out swinging
Batting: RHB Tristan Kuhn 0-0: Ball
Wild Pitch!
Dave Thompson scores
Carl Good to second
1-0: Fly out, F7 (Flyball, 78M)
Top of the 9th over - 1 run(s), 1 hit(s), 0 error(s), 1 left on base; Royse City 8 - Florida 3
BOTTOM OF THE 9TH
Florida Men batting - Pitching for Royse City Targaryens : RHP John Watson
Batting: RHB Seon-keun Kim 0-0: Foul Ball, location: 2F
0-1: Ball
1-1: Called Strike
1-2: Foul Ball, location: 2F
1-2: Ground out 6-3 (Groundball, 6)
Batting: RHB Albert Morales 0-0: Ground out 6-3 (Groundball, 56)
Batting: LHB Bastyão Lizardo 0-0: SINGLE (Line Drive, 89S)
Batting: LHB Jim Unknown 0-0: Ball
1-0: Ball
2-0: Ball
3-0: Called Strike
3-1: Ground out 6-3 (Groundball, 6)
Bottom of the 9th over - 0 run(s), 1 hit(s), 0 error(s), 1 left on base; Royse City 8 - Florida 3
This league is powered by Out of the Park Baseball, the baseball management simulation game for PC, Mac and Linux
Friday, April 15th, 2016 - OOTP Baseball 16.9 Build 39